[Event "13th Chennai Open 2022"]
[Site "Chennai"]
[Date "2022.06.20"]
[Round "1.1"]
[White "Thapa, Ganesh Bahadur"]
[Black "Savchenko, Boris"]
[Result "0-1"]
[ECO "B30"]
[WhiteElo "1422"]
[BlackElo "2524"]
[Annotator "TA"]
[PlyCount "82"]
[EventDate "2022.06.19"]
[EventType "swiss"]
[EventCountry "IND"]
[SourceTitle "playchess.com"]
[Source "ChessBase"]
[SourceQuality "1"]
[TimeControl "5400+30"]

1. e4 c5 2. Nc3 g6 3. Nf3 Bg7 4. Bc4 Nc6 5. h3 a6 6. a3 {[%emt 0:01:41] B30: Sicilian: 2...Nc6 3 Bb5, lines without ...g6.} e6 7. O-O Nge7 {[%emt 0:00:09] [#]} 8. Re1 $146 {[%emt 0:02:42] The position is equal.} ({Predecessor:} 8. d3 d5 9. exd5 exd5 10. Ba2 O-O 11. Bg5 Be6 12. Qd2 Re8 13. Rfe1 Qd7 14. Kh2 {0-1 (28) Mishra,A (1431)-Bharadwaj,N (1811) Chess.com INT 2021}) 8... O-O 9. Bf1 d5 10. d3 h6 11. Bd2 b5 12. Qc1 Kh7 13. Nh2 ({White should try} 13. exd5 $11 exd5 14. b4) 13... f5 14. exf5 {[%emt 0:04:23] Black converts the advantage convincingly.} (14. exd5 $15 exd5 15. g3) 14... Nxf5 $17 15. Rb1 Ra7 16. Ne2 {[%emt 0:01:41] [#]} (16. b4 $142) 16... Raf7 $1 {[%emt 0:00:21] Black is much more active. The white rooks are badly placed.} 17. c3 (17. b3 $17) 17... e5 18. g3 (18. b3 $17 {was necessary.}) 18... Nfe7 19. f4 (19. b3 {might work better.}) 19... exf4 20. Nxf4 Qd6 {[%emt 0:00:17] Prevents Ne6.} ({Worse is} 20... g5 21. Ne6 Bxe6 22. Rxe6 $17) 21. Bg2 Bf5 22. Re3 $2 (22. b4 {was worth a try.}) 22... d4 23. Rf3 Ne5 24. Rf1 Nxd3 25. Nxd3 Bxd3 {[%emt 0:00:10][%mdl 64] [#] Discovered Attack} 26. Rxf7 Rxf7 27. Bf4 Rxf4 28. gxf4 dxc3 29. bxc3 Bxb1 30. Qxb1 Qxf4 31. Qe1 Nf5 32. Ng4 (32. Nf1 $142) 32... h5 $19 33. Nf2 Qg3 {[%emt 0:00:10] Strongly threatening ...Ne3.} 34. Qe4 Bxc3 35. Nd3 Bd4+ 36. Kh1 c4 {[%emt 0:00:24] Black mates.} 37. Ne1 Qd6 38. Qb7+ Kh6 39. Be4 Qf4 40. Nf3 Ng3+ 41. Kg2 Nxe4 {[%emt 0:00:08] Weighted Error Value: White=0.74/Black=0.11 (very precise)} 0-1

[Event "13th Chennai Open 2022"]
[Site "Chennai"]
[Date "2022.06.20"]
[Round "1.2"]
[White "Fedorov, Alexei"]
[Black "Aswinika Mani R"]
[Result "1-0"]
[ECO "B90"]
[WhiteElo "2529"]
[BlackElo "1408"]
[Annotator "TA"]
[PlyCount "59"]
[EventDate "2022.06.19"]
[EventType "swiss"]
[EventCountry "IND"]
[SourceTitle "playchess.com"]
[Source "ChessBase"]
[SourceQuality "1"]
[TimeControl "5400+30"]

1. e4 c5 2. Nf3 d6 3. d4 cxd4 4. Nxd4 Nf6 5. Nc3 a6 6. Qf3 g6 {[%emt 0:00:00] B90: Sicilian Najdorf: Unusual White 6th moves, 6 Be3 Ng4 and 6 Be3 e5.} 7. h3 Bg7 8. Be3 Nbd7 (8... Bd7 $11 {is superior.}) 9. g4 O-O 10. O-O-O Ne5 11. Qg2 Nc6 12. f4 Nd7 {[%emt 0:00:30] [#] Prevents e5.} 13. e5 $146 (13. h4 $16) ({Predecessor:} 13. h4 Nxd4 14. Bxd4 e5 15. fxe5 Nxe5 16. g5 Be6 17. Kb1 Rc8 18. h5 Re8 19. hxg6 hxg6 {½-½ (46) Mchedlishvili,M (2637)-Magalashvili,D (2521) Tbilisi 2013}) 13... Rb8 (13... dxe5 $11 14. Nxc6 bxc6) 14. exd6 $16 {[%emt 0:00:00] White is much more active. The black rooks are badly placed.} (14. Nxc6 bxc6 15. Bc4 (15. exd6 Bxc3 16. bxc3 exd6 $17) (15. Qxc6 $2 Bb7 $19) 15... d5 $11) 14... exd6 15. Bc4 (15. Nxc6 bxc6 16. Qd2 (16. Rxd6 Qa5 $17) (16. Qxc6 $2 Bb7 $19) 16... c5 $17) (15. Qf2 $16) 15... Nxd4 16. Bxd4 Bxd4 17. Rxd4 b5 18. Bd5 Nf6 19. Rhd1 (19. Bc6 $16) 19... Nxd5 (19... b4 $1 $14 20. Ne2 Nxd5 21. Qxd5 Bb7) 20. Qxd5 ({But not} 20. Rxd5 $6 Bb7 $11) 20... Be6 (20... Bb7 $142 21. Qg5 (21. Qxd6 Qh4 $16) 21... f5) 21. Qxd6 Qh4 {[%emt 0:00:00][%mdl 8192] Loses the game.} (21... Qxd6 $16 22. Rxd6 a5) 22. Ne4 $18 {[%emt 0:00:00] White is clearly winning.} Rbe8 23. f5 {[%emt 0:00:00] [#] Threatens to win with g5.} Bc4 24. Nf6+ Kg7 25. Nxe8+ Rxe8 26. b3 Be2 27. f6+ Qxf6 28. Qxf6+ Kxf6 29. Re1 Re6 30. Kd2 {[%emt 0:00:00] Weighted Error Value: White=0.14 (very precise) /Black=0.62} 1-0

[Event "13th Chennai Open 2022"]
[Site "Chennai"]
[Date "2022.06.20"]
[Round "1.3"]
[White "Aman Khinvasara"]
[Black "Tran, Tuan Minh"]
[Result "0-1"]
[ECO "A45"]
[WhiteElo "1418"]
[BlackElo "2533"]
[Annotator "TA"]
[PlyCount "44"]
[EventDate "2022.06.19"]
[EventType "swiss"]
[EventCountry "IND"]
[SourceTitle "playchess.com"]
[Source "ChessBase"]
[SourceQuality "1"]
[TimeControl "5400+30"]

1. d4 Nf6 2. Bf4 c5 3. c3 Qb6 4. Qb3 cxd4 5. Qxb6 axb6 6. cxd4 {[%emt 0:00:11] A45: Trompowsky Attack.} Nc6 7. e3 Nb4 {[%emt 0:00:11][%cal Bc6b4,Bb4a2,Ba2c3,Bc3a4,Ba4b6][%mdl 32] [#] Hoping for ...Nc2+.} 8. Kd1 {[%emt 0:00:47] [#] Against Nc2. The position is equal.} Ne4 $146 ({Predecessor:} 8... Rxa2 9. Rxa2 Nxa2 10. Bb5 e6 11. f3 Nd5 12. Ne2 Nxf4 13. Nxf4 Nb4 14. Nd2 Bd6 {0-1 (46) Bohnstorff,M (2050)-Sebastian,D (2445) Lueneburg 2017}) 9. Bg3 (9. Nh3 $11) 9... Nxa2 $15 {[%emt 0:08:36][%cal Oa2c3] Black is more active.} 10. Ke1 {[%emt 0:01:16] And now Bc4 would win.} Ra5 (10... d5 $1 $15 11. Nf3 e6) 11. Bc7 {[%emt 0:06:33] Threatens to win with f3.} (11. Na3 $5 Nb4 12. Rc1 $11) 11... e5 $36 {[%emt 0:06:07][%mdl 2048] ...Bb4+ is the strong threat. Black has the initiative.} 12. Bxb6 $2 {[%emt 0:04:33][%mdl 8192] Now White is beyond hope.} ({White should play} 12. Bc4 $15 Nb4 13. Rxa5 bxa5 14. dxe5) 12... Bb4+ $19 {[%emt 0:00:06] Black is clearly winning.} 13. Nc3 Ra4 14. Bb5 Naxc3 15. Bxa4 Nxa4+ {[%emt 0:00:04][%mdl 64] [#] Discovered Attack. Pair of Knights!} 16. Ke2 Nxb6 17. f3 Nd2 18. dxe5 O-O 19. Nh3 Ndc4 20. f4 d6 21. exd6 Bg4+ 22. Kd3 Rd8 {[%emt 0:00:41] Weighted Error Value: White=1.00/Black=0.08 (flawless)} 0-1

[Event "13th Chennai Open 2022"]
[Site "Chennai"]
[Date "2022.06.20"]
[Round "1.4"]
[White "Aronyak Ghosh"]
[Black "Dipesh Seeraj K S"]
[Result "1-0"]
[ECO "D33"]
[WhiteElo "2494"]
[BlackElo "1418"]
[Annotator "TA"]
[PlyCount "41"]
[EventDate "2022.06.19"]
[EventType "swiss"]
[EventCountry "IND"]
[SourceTitle "playchess.com"]
[Source "ChessBase"]
[SourceQuality "1"]
[TimeControl "5400+30"]

1. c4 Nf6 2. Nc3 c5 3. g3 Nc6 4. Bg2 e6 5. Nf3 d5 6. cxd5 exd5 7. d4 cxd4 {[%emt 0:05:07] is cutting edge theory.} 8. Nxd4 Bb4 {[%emt 0:03:24] D33: Tarrasch Defence: 6 g3 sidelines.} 9. O-O Bxc3 10. bxc3 h6 (10... O-O $16 {is a better defense.}) 11. Nxc6 $18 bxc6 {[%emt 0:00:24] [#]} 12. Ba3 $1 {[%emt 0:00:06] [#] Qd4 is the strong threat.} Qc7 $146 (12... Qa5 {keeps fighting.}) ({Predecessor:} 12... Bf5 13. Qd4 Qc7 14. c4 O-O-O 15. cxd5 Nxd5 16. Rac1 Rhe8 17. Qc4 Kb7 18. Rfd1 Be6 {1-0 (36) Friedrich,J (2189)-Andreadakis,L (1957) Siebenlehn 2010}) 13. Qd4 {[%emt 0:01:51] Black must now prevent c4.} Be6 14. Rab1 Kd7 $2 (14... Rc8 15. Bc5 Rg8) 15. c4 {[%emt 0:02:32] aiming for cxd5. White is clearly winning.} Rhb8 16. e4 Rxb1 17. Rxb1 Rb8 18. Rd1 ({Less strong is} 18. Rxb8 Qxb8 19. cxd5 cxd5 $18) 18... Ke8 (18... Qa5 $142 19. exd5 cxd5) 19. cxd5 cxd5 20. exd5 Bd7 21. Qe3+ {[%emt 0:00:46] White took control after the opening.  Weighted Error Value: White=0.18 (very precise) /Black=0.76} 1-0

[Event "13th Chennai Open 2022"]
[Site "Chennai"]
[Date "2022.06.20"]
[Round "1.5"]
[White "Gairick Saha"]
[Black "Deepan Chakkravarthy J."]
[Result "0-1"]
[ECO "A40"]
[WhiteElo "1368"]
[BlackElo "2478"]
[Annotator "TA"]
[PlyCount "72"]
[EventDate "2022.06.19"]
[EventType "swiss"]
[EventCountry "IND"]
[SourceTitle "playchess.com"]
[Source "ChessBase"]
[SourceQuality "1"]
[TimeControl "5400+30"]

1. d4 e6 2. c4 Bb4+ 3. Bd2 a5 4. a3 Bxd2+ 5. Qxd2 d6 6. Nf3 {[%emt 0:00:30] A40: Unusual replies to 1 d4.} Ne7 7. Nc3 O-O 8. e3 {[%emt 0:00:30] [#] White is slightly better.} b6 $146 ({Predecessor:} 8... a4 9. Qc2 Bd7 10. Bd3 h6 11. g4 e5 12. Rg1 exd4 13. exd4 Ng6 14. O-O-O Nh4 15. Nxh4 Qxh4 {0-1 (43) Aymerich Verdaguer,E (2164)-Lopez Martinez,J (2549) Mollet del Valles 2016}) 9. Bd3 Bb7 10. Qe2 Nd7 11. O-O Ng6 12. Rad1 f5 13. Rfe1 Qe7 14. Bb1 Rae8 15. d5 e5 {[%emt 0:00:30] Against Nd4} 16. Nb5 Nc5 17. b4 axb4 18. axb4 Na6 19. Qb2 Bc8 20. Na7 Bd7 21. Qa3 Nb8 22. Ba2 ({Better is} 22. Qa2 $11) 22... f4 ({Black should play} 22... e4 $1 $15 23. Nd4 Qg5) 23. c5 (23. Bb1 $11) 23... Kh8 (23... bxc5 $15 24. bxc5 Bg4) 24. cxb6 cxb6 25. b5 $2 {[%emt 0:00:30][%mdl 8192] [#]} (25. e4 $11 {and White stays safe.}) 25... Bg4 $1 $19 {[%emt 0:00:30] And now ...Bxf3 would win.} 26. e4 Bxf3 27. gxf3 Nd7 ({Don't blunder} 27... Qg5+ $2 28. Kf1 Nd7 29. Ra1 $19) 28. Nc6 (28. Kh1 $142 Ra8 29. Bc4) 28... Qg5+ 29. Kf1 Ra8 30. Qb2 Nh4 31. Ke2 Qh5 32. Rd3 Nc5 33. Ra3 Nxe4 {[%emt 0:00:30] [#] aiming for ...Rxa3. Pair of Knights!} 34. Kd1 Nc5 35. Bc4 Rxa3 36. Qxa3 Qxf3+ {[%emt 0:00:30] Weighted Error Value: White=0.58/Black=0.13 (very precise)} 0-1

[Event "13th Chennai Open 2022"]
[Site "Chennai"]
[Date "2022.06.20"]
[Round "1.6"]
[White "Stupak, Kirill"]
[Black "Madhesh Kumar S"]
[Result "1-0"]
[ECO "D02"]
[WhiteElo "2440"]
[BlackElo "1461"]
[Annotator "TA"]
[PlyCount "95"]
[EventDate "2022.06.19"]
[EventType "swiss"]
[EventCountry "IND"]
[SourceTitle "playchess.com"]
[Source "ChessBase"]
[SourceQuality "1"]
[TimeControl "5400+30"]

1. d4 d5 2. c4 e6 3. Nf3 Nf6 4. g3 Bd6 5. Bg2 b6 6. O-O Bb7 7. cxd5 exd5 8. Nc3 O-O $1 {[%emt 0:00:13] The main line 8...0-0 scores better than 8...a6.} 9. Nb5 {[%emt 0:01:13] D02: 1 d4 d5 2 Nf3 sidelines, including 2...Nf6 3 g3 and 2...Nf6 3 Bf4.} Ne4 10. Nxd6 Qxd6 11. Bf4 {[%emt 0:00:02] White is slightly better.} Qe7 12. Rc1 c6 13. Ne5 f6 14. Nd3 Nd7 {[%emt 0:00:39] [#]} 15. Qb3 $146 {[%emt 0:00:35] next Nb4 is good for White.} ({Predecessor:} 15. b4 a5 16. b5 cxb5 17. Rc7 Ba6 18. Qb3 Qf7 19. Rxd7 Qxd7 20. Bxe4 Rfd8 21. Bf3 {½-½ (40) Bugalski,L (2084)-Szadkowski,K (2165) Lublin 2006}) 15... g5 16. Be3 (16. f3 $5 Nec5 17. dxc5 gxf4 18. Nxf4 $11) 16... Kh8 17. Nb4 Rac8 18. Qa4 a6 (18... b5 $142 19. Qxa7 Nd6) 19. Nxc6 $16 Qe6 20. Nb4 a5 21. Nd3 (21. Bxe4 $142 {[%cal Oe4d3] Hoping for Bd3!} dxe4 22. d5 Bxd5 23. Rxc8 Rxc8 24. Nxd5 Qxd5 25. Rd1) 21... Bc6 22. Qb3 Nd6 $2 {[%emt 0:00:00] [#] Black cannot hold the game after this.} (22... Ba8 $16 23. Rxc8 Rxc8) 23. Rxc6 $1 $18 Rxc6 24. Bxd5 a4 25. Bxe6 {[%emt 0:00:27] This bishop pair is nice.} axb3 26. Bxd7 Rc7 27. Be6 bxa2 28. Bxa2 Re8 29. Nb4 Kg7 30. Bb3 b5 31. Nd5 Rcc8 32. Ra1 Ra8 33. Rd1 Rac8 34. Kf1 Rcd8 (34... Nc4 $142 35. Bc1 Re6) 35. Nc7 Re7 36. Ne6+ Rxe6 37. Bxe6 h6 38. Ra1 Kg6 39. Ra7 Ne4 40. g4 Nd6 {[%emt 0:00:00] Prevents Bf5+.} 41. d5 {[%emt 0:00:08] Bc5 is the strong threat.} h5 42. h3 {[%emt 0:00:01] Black must now prevent Bc5.} hxg4 43. hxg4 Kh6 44. Bc5 {[%emt 0:00:09] White mates.} Ne4 {[%emt 0:00:00] [#]} 45. Bf5 $1 Nd2+ 46. Kg2 Rh8 {[%emt 0:00:00] [#]} 47. Bf8+ $1 Rxf8 48. Rh7# {[%emt 0:00:02] Weighted Error Value: White=0.07 (flawless) /Black=0.31} 1-0

[Event "13th Chennai Open 2022"]
[Site "Chennai"]
[Date "2022.06.20"]
[Round "1.7"]
[White "Tarun K C"]
[Black "Ajay Karthikeyan"]
[Result "0-1"]
[ECO "E90"]
[WhiteElo "1363"]
[BlackElo "2436"]
[Annotator "TA"]
[PlyCount "84"]
[EventDate "2022.06.19"]
[EventType "swiss"]
[EventCountry "IND"]
[SourceTitle "playchess.com"]
[Source "ChessBase"]
[SourceQuality "1"]
[TimeControl "5400+30"]

1. d4 Nf6 2. c4 g6 3. Nc3 Bg7 4. e4 d6 5. h3 O-O 6. Be3 Na6 7. Nf3 c5 8. d5 {[%emt 0:01:32] E90: King's Indian: Classical: Early deviations and 6 h3.} e6 {[%emt 0:02:37] 8...e6 is better than 8...Nc7.} 9. Be2 exd5 10. cxd5 {[%emt 0:03:30] White has an edge.} Nc7 11. O-O Re8 12. Nd2 b5 13. Qc2 {[%emt 0:11:47] [#]} Bd7 $146 ({Predecessor:} 13... a6 14. a3 Rb8 15. b4 c4 16. Rad1 Na8 17. Nf3 Qe7 18. Nd4 Bb7 19. Bf3 Nc7 {1-0 (41) Da Silva,J (1762)-Santos Filho,T (2086) Florianopolis 2019}) 14. Bf4 (14. a3 $11) 14... b4 $17 15. Nd1 Bb5 (15... Nfxd5 $17 16. Bxd6 Ne6 $1) 16. Bc4 Bxc4 17. Qxc4 Qe7 18. Bg5 $1 h6 19. Bxf6 Qxf6 20. Nf3 $2 {[%emt 0:01:15] [#] Inhibits Qd4. This costs White the game.} (20. Rb1 $11 {and White has nothing to worry.}) 20... Qf4 $1 $36 {[%emt 0:07:08][%mdl 2048] White is under strong pressure.} 21. Re1 {[%emt 0:04:19] [#]} f5 $1 22. Rb1 (22. a3 {is a better defense.}) 22... Rxe4 23. Rxe4 Qxe4 24. Qxe4 fxe4 25. Nd2 Nxd5 26. Nxe4 Re8 27. f3 Bd4+ 28. Kf1 Re6 29. b3 (29. a3 $142) 29... Kf8 30. Ndf2 $2 (30. Rc1 {was necessary.}) 30... Ne3+ {[%emt 0:02:07] Black is clearly winning.} 31. Kg1 d5 32. Ng3 Nf5 33. Nxf5 gxf5 {[%emt 0:00:00][%mdl 4096] Endgame KRB-KRN} 34. Kf1 {[%emt 0:00:05] Against Re2} Ra6 35. Nd3 Rxa2 36. Nf4 Kf7 {[%emt 0:00:00] Against Ne6} 37. Rd1 Rf2+ 38. Ke1 {[%emt 0:00:30][%cal Od1d4] aiming for Rxd4!} Rb2 39. Rd3 Bc3+ 40. Kf1 d4 41. Rd1 Rxb3 {[%emt 0:00:00] Hoping for ...c4.} 42. Nd3 Ra3 {[%emt 0:00:00] Weighted Error Value: White=0.48/Black=0.09 (flawless)} 0-1

[Event "13th Chennai Open 2022"]
[Site "Chennai"]
[Date "2022.06.20"]
[Round "1.8"]
[White "Nitin, S.."]
[Black "Ritwik Mallavarapu"]
[Result "1-0"]
[ECO "C62"]
[WhiteElo "2399"]
[BlackElo "1344"]
[Annotator "TA"]
[PlyCount "71"]
[EventDate "2022.06.19"]
[EventType "swiss"]
[EventCountry "IND"]
[SourceTitle "playchess.com"]
[Source "ChessBase"]
[SourceQuality "1"]
[TimeControl "5400+30"]

1. e4 e5 2. Nf3 Nc6 3. Nc3 Nf6 4. Bb5 d6 5. d4 exd4 6. Nxd4 Bd7 7. Bg5 Be7 {[%emt 0:00:30][%cal Of6e4] C62: Ruy Lopez: Steinitz Defence.} 8. Qd2 h6 9. Bf4 a6 {[%emt 0:00:30] [#] White is slightly better.} 10. Bxc6 $146 ({Predecessor:} 10. Nxc6 bxc6 11. Bc4 Be6 12. Bxe6 fxe6 13. O-O e5 14. Bg3 O-O 15. f4 Nh5 16. f5 Nxg3 17. hxg3 {0-1 (75) Konal,E (1353)-Ozeler,N (1639) Antalya 2018}) 10... bxc6 11. O-O-O O-O 12. f3 Nh7 13. Be3 Rb8 14. g4 c5 15. Nde2 {[%emt 0:00:30] White is more active.} (15. Nf5 $16) 15... Bf6 (15... Re8 $11) 16. Qe1 $14 Qc8 {[%emt 0:00:30] [#]} ({Black should play} 16... Bb5 $14) 17. h4 $1 $16 Be7 {[%emt 0:00:30] Inhibits g5.} (17... Qb7 18. b3 $16) (17... Be5 $16 {is a better defense.}) 18. Nd5 Re8 19. Ng3 {[%emt 0:00:30][%cal Og4g5] Black must now prevent g5!} Be6 ({Less strong is} 19... Qb7 20. b3 $16) 20. Nxe7+ Rxe7 21. g5 Qb7 22. Qc3 {[%emt 0:00:30] [#] And now Nh5 would win.} Qb4 23. Qxb4 ({Don't take} 23. gxh6 $6 Qxc3 24. bxc3 g6 $14) 23... cxb4 24. gxh6 g6 25. Rhg1 f6 (25... Rb5 $16 26. Ne2 Nf8) 26. Ne2 Kf7 (26... Nf8 $142 27. Bd4 Rh7) 27. Nf4 $18 Rg8 28. Rd2 g5 29. Rdg2 Ree8 (29... gxf4 $2 30. Rxg8 Bxa2 31. Bxf4 $18) 30. Nd3 c5 31. hxg5 fxg5 32. f4 g4 33. Bd2 Nf6 {[%emt 0:00:30] White is clearly better.} 34. e5 dxe5 (34... Nd7 $16 {was called for.} 35. exd6 Bf5) 35. Nxe5+ Ke7 36. Be3 {[%emt 0:00:30] Weighted Error Value: White=0.16 (very precise) /Black=0.23 (precise)} 1-0

[Event "13th Chennai Open 2022"]
[Site "Chennai"]
[Date "2022.06.20"]
[Round "1.9"]
[White "Tarun N"]
[Black "Srihari L R"]
[Result "0-1"]
[ECO "A41"]
[WhiteElo "1403"]
[BlackElo "2404"]
[Annotator "TA"]
[PlyCount "110"]
[EventDate "2022.06.19"]
[EventType "swiss"]
[EventCountry "IND"]
[SourceTitle "playchess.com"]
[Source "ChessBase"]
[SourceQuality "1"]
[TimeControl "5400+30"]

1. d4 d6 2. c4 e5 3. d5 g6 4. Nc3 Bg7 5. g3 Nd7 6. Bg2 {[%emt 0:02:56] A41: 1 d4 d6: Tartakower System and Modern Defence.} Nh6 7. e4 O-O 8. Nf3 {[%emt 0:10:44] [#] White has an edge.} a5 $146 ({Predecessor:} 8... f5 9. h4 f4 10. Ng5 Nf6 11. gxf4 exf4 12. Ne2 Nhg4 13. Qb3 Nh5 14. Bf3 Be5 {1-0 (40) Milos,G (2510)-Psakhis,L (2565) Palma de Mallorca 1989}) 9. h3 f5 10. Bg5 Nf6 11. Qd2 (11. exf5 {with more complications.} Nxf5 12. g4 Nd4 13. Nxd4 exd4 14. Qxd4 h6 15. Bxf6 Qxf6 16. Qxf6 Bxf6 17. Nb5) 11... Nf7 12. exf5 gxf5 13. O-O-O Bd7 (13... a4 $11) 14. h4 ({Better is} 14. Be3 $1 $14) 14... a4 $15 15. h5 ({White should try} 15. a3 $15) 15... h6 $17 16. Be3 Ng4 17. Nh4 a3 18. b3 Qf6 19. Ng6 Rfe8 20. Bf1 {[%emt 0:04:07] [#]} (20. Bh3 $17 {is a better defense.}) 20... f4 $1 $19 21. gxf4 Nxe3 {[%emt 0:00:07][%mdl 64] Remove Defender} ({Stronger than} 21... exf4 22. Bd4 Qxd4 23. Qxd4 Bxd4 24. Rxd4 $15) 22. fxe3 exf4 {[%emt 0:00:06][%mdl 64] Discovered Attack} 23. Qd4 (23. exf4 Qxc3+ 24. Qxc3 Bxc3 25. Rg1) 23... Qg5 24. exf4 Bxd4 {[%emt 0:00:08] This bishop pair is nice.} 25. fxg5 Bxc3 26. gxh6 Bb2+ 27. Kd2 Nxh6 28. Bd3 Bf5 29. Rhg1 Bxd3 30. Kxd3 Kh7 31. Rd2 $2 (31. Rdf1) 31... Rg8 (31... Nf5 $142 32. Rgd1 Re3+ 33. Kc2 Kh6) 32. Rf2 Rg7 $2 (32... Rae8 $19 {And now ...Rg7 would win.} 33. Rf4 c6) 33. Rgf1 $2 (33. Rf8 $1 $15 Rg8 34. Rgf1) 33... Ng4 34. Nf8+ (34. Rf4 {was necessary.} Ne5+ 35. Nxe5 Bxe5 36. Rf7) 34... Kg8 35. Rf4 Ne5+ 36. Ke4 Nd7 37. Ng6 Re8+ 38. Kf5 $2 (38. Kd3) 38... Ne5 39. Kg5 {[%emt 0:01:52] [#] Strongly threatening Rf8+.} Nxg6 40. hxg6 Rge7 41. Rf7 Bg7 42. R1f2 c6 43. dxc6 bxc6 44. R7f5 (44. Rxe7 $142 Rxe7 45. Rd2) 44... Re5 45. Rxe5 (45. c5 $142 Rxc5 46. Rxc5 dxc5 47. Kh4) 45... dxe5 {[%emt 0:00:23][%cal Bd6e5,Be5e4,Be4e3][%mdl 4128] Endgame KRB-KR} 46. Re2 e4 47. Re3 Bd4 48. Re2 c5 {[%emt 0:00:05] ( -> ...e3)} 49. Kf4 e3 {[%emt 0:00:06] Threatens to win with ...Rf8+.} 50. Kf5 Kg7 {[%emt 0:00:14] Black mates.} 51. Kg5 Rf8 52. Rh2 Rf2 53. Rh7+ Kg8 54. Re7 Bf6+ 55. Kh6 Rh2# {[%emt 0:00:05] Weighted Error Value: White=0.62/Black=0.35} 0-1

[Event "13th Chennai Open 2022"]
[Site "Chennai"]
[Date "2022.06.19"]
[Round "1.10"]
[White "Laxman, R.R."]
[Black "Rajesh, Anirudh"]
[Result "1/2-1/2"]
[ECO "D11"]
[WhiteElo "2420"]
[BlackElo "1575"]
[Annotator "TA"]
[PlyCount "69"]
[EventDate "2022.06.19"]
[EventType "swiss"]
[EventCountry "IND"]
[SourceTitle "playchess.com"]
[Source "ChessBase"]
[SourceQuality "1"]
[TimeControl "5400+30"]

1. d4 d5 2. Nf3 Nf6 3. c4 c6 4. e3 Bg4 5. h3 Bh5 6. cxd5 {[%emt 0:00:47] D11: Slav Defence: 3 Nf3 sidelines and 3...Nf6 4 e3 Bg4.} cxd5 7. Qb3 Qc7 8. Nc3 {[%emt 0:00:34] The position is equal.} e6 9. Bd2 {[%emt 0:04:01] [#]} (9. g4 {keeps more tension.} Bg6 10. Ne5 a6 11. h4) 9... a6 $146 ({Predecessor:} 9... Bxf3 10. gxf3 Be7 11. O-O-O Nc6 12. Kb1 a6 13. Na4 b5 14. Nc5 O-O 15. Rc1 Rfc8 {½-½ (45) Neale,M (2130)-Olano Aizpurua,J (2176) ICCF email 2016}) 10. Rc1 {[%emt 0:01:12][%cal Oc3d5] [#] Black must now prevent Nxd5!} Nc6 $1 11. g4 (11. Ne5 $5) 11... Bg6 12. Ne5 Bd6 13. Nxg6 hxg6 14. g5 Ng8 15. Bd3 Nge7 16. Ne2 Rd8 17. f4 Nf5 18. Kf2 Qd7 19. Ng1 f6 20. Nf3 Kf7 21. a3 Nh4 22. Be2 Nxf3 23. Bxf3 Rh4 24. gxf6 gxf6 25. Bg4 Rdh8 26. Kg2 f5 27. Bf3 Rg8 (27... R4h7 $17) 28. Be1 $11 Rh7 29. h4 Be7 30. Bg3 (30. Rc2 $11) 30... Rgh8 $36 {[%emt 0:01:03][%cal Re7h4][%mdl 2048] Black fights for an advantage.} (30... Na5 $5 31. Qc3 Nc4 $11) 31. Rh3 Na5 32. Qc3 Nc4 33. Rch1 Rc8 34. h5 (34. Be2 $17) 34... g5 $19 35. Be2 {[%emt 1:08:47][%mdl 32768] Weighted Error Value: White=0.21 (precise) /Black=0.13 (very precise) . An unexpected result.} (35. fxg5 $142 Bxg5 36. Bf4 Bxf4 37. exf4) 1/2-1/2